 Dungeon Sprint DCSS version 0.21.2 (webtiles) character file.

4783 Fang the Cleaver (level 10, -7/108 HPs)
             Began as a Gargoyle Berserker on Sept 21, 2018.
             Was the Champion of Trog.
             Mangled by a merfolk
             ... wielding a +0 trident
              (11 damage)
             ... in the Dungeon (Sprint VII: "The Pits").
             The game lasted 00:03:55 (2312 turns).

Fang the Cleaver (Gargoyle Berserker)               Turns: 2312, Time: 00:03:56

Health: -7/108     AC: 12    Str: 29    XL:     10   Next: 47%
Magic:  10/10      EV: 15    Int: 11    God:    Trog [******]
Gold:   0          SH:  0    Dex: 12    Spells: 9/9 levels left

rFire    . . .     SeeInvis .   n - +0 executioner's axe (flame)
rCold    . . .     Gourm    .   (shield currently unavailable)
rNeg     + . .     Faith    .   u - +2 robe {MR+}
rPois    ∞         Spirit   .   (no helmet)
rElec    +         Reflect  .   (no cloak)
rCorr    .         Harm     .   (no gloves)
MR       +....     NoTele   +   (no boots)
Stlth    ..........             (no amulet)
HPRegen  0.28/turn              o - +3 ring of dexterity
MPRegen  0.12/turn              q - +3 ring of intelligence

@: berserking, very quick
A: negative energy resistance 1, electricity resistance, unbreathing,
petrification resistance, rot immunity, AC +7
a: Berserk, Trog's Hand, Brothers in Arms, Burn Spellbooks, Renounce Religion


You were in the Dungeon.
You worshipped Trog.
Trog was exalted by your worship.
You were near starving.

You visited 1 branch

Inventory:

Hand Weapons
 b - a +2 antimagic battleaxe
 j - a +2 hand axe
 m - a +1 hand axe of freezing
 n - a +0 executioner's axe of flaming (weapon)
 s - a +1 broad axe of chopping
Armour
 u - a +2 robe of magic resistance (worn)
Jewellery
 o - a +3 ring of dexterity (left hand)
 q - a +3 ring of intelligence (right hand)
Scrolls
 i - a scroll of blinking
 k - 3 scrolls of remove curse
 l - a scroll of summoning
Potions
 a - 2 potions of invisibility
 d - 10 potions of curing
 e - 7 potions of heal wounds
 f - 2 potions of haste
 g - 4 potions of magic
 h - 4 potions of berserk rage
 p - a potion of might
 r - a potion of brilliance
Comestibles
 c - 7 rations


   Skills:
 + Level 12.6 Fighting
 + Level 14.6 Axes
 + Level 12.4 Armour
 + Level 7.1 Dodging
 + Level 3.4 Stealth


You had 9 spell levels left.
You didn't know any spells.

Dungeon Overview and Level Annotations

Branches:
Dungeon (1/1)

Altars:
Cheibriados
Dithmenos
Elyvilon
Fedhas
Gozag
Hepliaklqana
Makhleb
Nemelex Xobeh
Okawaru
Qazlal
Ru
Sif Muna
Trog
Vehumet
Wu Jian
Xom
Yredelemnul
Zin
The Shining One
Beogh
Jiyva
Lugonu


Innate Abilities, Weirdness & Mutations

You are resistant to torment.
Your stone body is resilient. (AC +7)
You are immune to poison.
You resist negative energy. (rN+)
You are resistant to electric shocks. (rElec)
You can survive without breathing.
You are immune to petrification.
You are immune to rotting.


Message History

A nagaraja comes into view. It is wielding a halberd.
The nagaraja shouts!
The merfolk hits you with a trident! The nagaraja closely misses you.
There is an open door, spattered with blood here.
You see here a killer bee corpse.
Unknown command.
You slice the merfolk!! You burn the merfolk!
The merfolk is heavily wounded.
You barely miss the merfolk.
You closely miss the merfolk aquamancer.
You barely miss the merfolk.
The merfolk aquamancer is engulfed in a cloud of scalding steam.
The merfolk aquamancer hits you with a rapier!
* * * LOW HITPOINT WARNING * * *
The merfolk hits you with a trident!
* * * LOW HITPOINT WARNING * * *
The merfolk hits you with a trident!
* * * LOW HITPOINT WARNING * * *
The merfolk hits you with a trident!
You die...

...##..'...#
..##...#..## .##
.##...##..# ..##
.#...##(..+ ...#
)').##....### ...##
##).#......)### E...#
#.).'.........## Ny..#
....#....####§§##mH..#+
.#.)##))##..##(.@my...#
###..##.'....§§m#mD....#
#.##..#.##..##..#y......
...'..').####...##...###
..)#).##.........##.##
####### ########## ##


You could see a nagaraja, a merfolk aquamancer, 3 merfolk, a manticore, a water
elemental, a steam dragon and 3 killer bees.

Vanquished Creatures
  An orc sorcerer (D)
  A cyclops (D)
  A gargoyle (D)
  An efreet (D)
  A polar bear (D)
  A troll (D)
  A hornet (D)
  A dream sheep (D)
  4 blink frogs (D)
  A fire bat (D)
  A hungry ghost (D)
  4 vampire mosquitoes (D)
  A warg (D)
  A floating eye (D)
  A phantom (D)
  3 wolves (D)
  A gnoll sergeant (D)
  A scorpion (D)
  7 killer bees (D)
  A quasit (D)
  2 orc priests (D)
  An iguana (D)
  2 adders (D)
  4 gnolls (D)
  A white imp (D)
  A worm (D)
  A leopard gecko (D)
  2 orcs (D)
  A bat skeleton (D)
  3 giant cockroaches (D)
  A goblin (D)
  A hobgoblin (D)
  2 quokkas (D)
  A ball python (D)
  2 bats (D)
  A frilled lizard (D)
  2 kobolds (D)
  A leopard gecko skeleton (D)
  A rat (D)
64 creatures vanquished.

Vanquished Creatures (collateral kills)
  An orc warrior (D)
1 creature vanquished.

Grand Total: 65 creatures vanquished

Notes
Turn   | Place    | Note
-------+----------+-------------------------------------------
     0 | D        | Fang the Gargoyle Berserker began the quest for the Orb.
     0 | D        | Reached XP level 1. HP: 14/14 MP: 1/1
    16 | D        | Reached skill level 3 in Axes
    20 | D        | Found a bloodstained altar of Trog.
    20 | D        | Found a deep blue altar of Sif Muna.
    20 | D        | Found a viscous altar of Jiyva.
    20 | D        | Found a hazy altar of Hepliaklqana.
    20 | D        | Found an opulent altar of Gozag.
    21 | D        | Found a glowing golden altar of the Shining One.
    21 | D        | Found a glowing silver altar of Zin.
    21 | D        | Found a basalt altar of Yredelemnul.
    21 | D        | Found a shimmering altar of Xom.
    21 | D        | Found an ornate altar of the Wu Jian Council.
    21 | D        | Found a sacrificial altar of Ru.
    21 | D        | Found a stormy altar of Qazlal.
    21 | D        | Found an iron altar of Okawaru.
    21 | D        | Found a sparkling altar of Nemelex Xobeh.
    21 | D        | Found a burning altar of Makhleb.
    21 | D        | Found a blossoming altar of Fedhas.
    21 | D        | Found a white marble altar of Elyvilon.
    21 | D        | Found a shadowy altar of Dithmenos.
    21 | D        | Found a snail-covered altar of Cheibriados.
    23 | D        | Found a radiant altar of Vehumet.
    23 | D        | Found a corrupted altar of Lugonu.
    23 | D        | Found a roughly hewn altar of Beogh.
    66 | D        | Reached ** piety under Trog
   167 | D        | Reached XP level 2. HP: 19/20 MP: 2/2
   178 | D        | Reached *** piety under Trog
   178 | D        | Reached skill level 4 in Axes
   184 | D        | Received a gift from Trog
   263 | D        | Noticed a floating eye
   268 | D        | Paralysed by a floating eye for 2 turns
   278 | D        | Reached skill level 5 in Fighting
   278 | D        | Reached XP level 3. HP: 13/26 MP: 3/3
   278 | D        | Paralysed by a floating eye for 4 turns
   283 | D        | Killed a floating eye
   283 | D        | Reached **** piety under Trog
   283 | D        | Reached skill level 6 in Axes
   283 | D        | Reached skill level 1 in Stealth
   283 | D        | Reached XP level 4. HP: 16/32 MP: 4/4
   283 | D        | Reached XP level 5. HP: 19/37 MP: 5/5
   573 | D        | Noticed a warg
   582 | D        | Killed a warg
   582 | D        | Reached skill level 7 in Axes
   582 | D        | Reached skill level 5 in Armour
   582 | D        | Reached XP level 6. HP: 36/44 MP: 6/6
   587 | D        | Reached skill level 8 in Axes
   589 | D        | Reached ***** piety under Trog
   723 | D        | Noticed a dream sheep
   728 | D        | Killed a dream sheep
   728 | D        | Reached skill level 9 in Axes
   728 | D        | Reached skill level 5 in Dodging
   728 | D        | Reached XP level 7. HP: 50/50 MP: 7/7
   876 | D        | Noticed a hungry ghost
   904 | D        | Paralysed by fainting for 11 turns
   939 | D        | Killed a hungry ghost
  1014 | D        | Noticed a vampire mosquito
  1014 | D        | Noticed a vampire mosquito
  1014 | D        | Noticed a vampire mosquito
  1014 | D        | Noticed a troll
  1015 | D        | Noticed a vampire mosquito
  1022 | D        | Killed a vampire mosquito
  1022 | D        | Received a gift from Trog
  1022 | D        | Reached skill level 10 in Axes
  1025 | D        | Killed a vampire mosquito
  1025 | D        | Reached XP level 8. HP: 56/56 MP: 8/8
  1036 | D        | Killed a troll
  1036 | D        | Reached skill level 10 in Fighting
  1036 | D        | Reached skill level 11 in Axes
  1036 | D        | Reached skill level 10 in Armour
  1176 | D        | Noticed an orc sorcerer
  1181 | D        | Noticed a hellwing
  1187 | D        | Killed an orc sorcerer
  1187 | D        | Reached ****** piety under Trog
  1187 | D        | Reached XP level 9. HP: 63/63 MP: 3/9
  1238 | D        | Noticed a hornet
  1243 | D        | Killed a hornet
  1243 | D        | Received a gift from Trog
  1243 | D        | Reached skill level 12 in Axes
  1252 | D        | Noticed an efreet
  1268 | D        | Killed an efreet
  1441 | D        | Noticed a gargoyle
  1449 | D        | Received a gift from Trog
  1449 | D        | Reached skill level 13 in Axes
  1459 | D        | Reached XP level 10. HP: 27/71 MP: 3/10
  1466 | D        | HP: 2/71 [gargoyle/flail (10)]
  1467 | D        | Killed a gargoyle
  1815 | D        | Received a gift from Trog
  1821 | D        | Reached skill level 14 in Axes
  1839 | D        | Received a gift from Trog
  2074 | D        | Noticed a cyclops
  2081 | D        | Killed a cyclops
  2302 | D        | Noticed a merfolk aquamancer
  2311 | D        | Noticed a manticore
  2311 | D        | Noticed a nagaraja
  2312 | D        | HP: 4/108 [merfolk/trident (11)]
  2312 | D        | Mangled by a merfolk

Skill      XL: |  1  2  3  4  5  6  7  8  9 10 |
---------------+-------------------------------+-----
Axes           | 3 4 6 7 9 10 11 13 14 | 14.6
Fighting       | 4 5 6 7 8 9 10 11 12 | 12.6
Dodging        | 2 3 4 5 6 7 |  7.1
Armour         | 3 4 5 6 9 11 12 | 12.4
Stealth        | 1 2 3 |  3.4

Action                   |  1- 3 |  4- 6 |  7- 9 | 10-12 || total
-------------------------+-------+-------+-------+-------++-------
Melee: Hand axe          |    30 |    20 |    84 |       ||   134
       Battleaxe         |       |       |    44 |    32 ||    76
       Executioner's axe |       |       |       |    16 ||    16
Invok: Berserk           |     1 |     2 |     4 |     3 ||    10
       Brothers in Arms  |       |       |       |     1 ||     1
  Use: Potion            |       |       |       |     1 ||     1
 Stab: Sleeping          |     1 |       |       |       ||     1
  Eat: Chunk             |       |     1 |     7 |     2 ||    10
       Ration            |       |       |     1 |     1 ||     2
Armor: Animal skin       |    14 |       |       |       ||    14
       Chain mail        |     3 |    17 |    59 |       ||    79
       Robe              |       |       |     7 |    23 ||    30
Dodge: Dodged            |    20 |    12 |    64 |    60 ||   156
